 Dungeon Crawl Stone Soup version 0.31.0-11-ge490571c62 (webtiles) character file.

Game seed: 13485517593583052864

1106 Rassilon the Cudgeller (level 8, -6/51 HPs)
             Began as a Gargoyle Fighter on Feb 1, 2024.
             Was an Initiate of the Shining One.
             Mangled by a two-headed ogre
             ... wielding a +0 giant spiked club
              (12 damage)
             ... on level 6 of the Dungeon.
             The game lasted 00:19:05 (3940 turns).

Rassilon the Cudgeller (Gargoyle Fighter)           Turns: 3940, Time: 00:19:06

Health: -6/51      AC: 16    Str: 22    XL:     8   Next: 33%
Magic:  8/8        EV: 13    Int:  9    God:    the Shining One [......]
Gold:   277        SH:  5    Dex: 11    Spells: 7/7 levels left

rFire   . . .        a - +0 flail
rCold   . . .        c - +0 buckler
rNeg    + . .        B - +0 chain mail
rPois   ∞            (no helmet)
rElec   +            (no cloak)
rCorr   .            z - +0 pair of gloves
SInv    .            (no boots)
Will    +....        m - amulet of regeneration Stlth
                     n - +5 ring of evasion
HPRegen 1.08/turn    (no ring)
MPRegen 0.11/turn

%: no passive effects
@: enlightened, flying, glowing
A: sickness immunity, AC +5, negative energy resistance 1, electricity
resistance, torment resistance 1, petrification resistance, thin skeletal
structure 1, deterioration 1, inability to read after injury 1
a: Renounce Religion


You were on level 6 of the Dungeon.
You worshipped the Shining One.
The Shining One was noncommittal.
You visited 2 branches of the dungeon, and saw 7 of its levels.

You collected 277 gold pieces.

Inventory:

Hand Weapons
 a - a +0 flail (weapon)
Missiles
 i - 10 poisoned darts (quivered)
Armour
 c - a +0 buckler (worn)
 z - a +0 pair of gloves (worn)
 B - a +0 chain mail (worn)
Jewellery
 m - an amulet of regeneration (around neck)
 n - a +5 ring of evasion (left hand)
Wands
 r - a wand of charming (12)
 y - a wand of iceblast (12)
Scrolls
 d - 2 scrolls of poison
 e - a scroll of amnesia
 f - a scroll of enchant weapon {unknown}
 j - a scroll of blinking
 k - 2 scrolls of fear {unknown}
 q - a scroll of butterflies {unknown}
 s - a scroll of noise {unknown}
 t - a scroll of teleportation {unknown}
 u - a scroll of revelation {unknown}
 w - a scroll of fog {unknown}
 x - a scroll of enchant armour
Potions
 b - a potion of brilliance
 g - a potion of resistance
 o - a potion of attraction
 v - a potion of cancellation
 A - a potion of mutation


   Skills:
 + Level 5.8 Fighting
 * Level 6.6 Maces & Flails
 + Level 5.8 Armour
 - Level 5.0 Shields


You had 7 spell levels left.
You didn't know any spells.
Your spell library contained the following spells:

 Spells                   Type           Power      Damage    Failure   Level
 Ensorcelled Hibernation  Hex/Ice        0%         N/A       99%         2
 Lesser Beckoning         Tloc           0%         N/A       99%         2
 Passwall                 Erth           0%         N/A       100%        3
 Swiftness                Air            0%         N/A       100%        3
 Tukima's Dance           Hex            0%         N/A       100%        3
 Passage of Golubria      Tloc           0%         N/A       100%        4
 Yara's Violent Unravell  Hex/Alch       0%         3d3       100%        5


Dungeon Overview and Level Annotations

Branches:
Dungeon (6/15)             Temple (1/1) D:5

Altars:
Ashenzari
Cheibriados
Elyvilon
Hepliaklqana
Nemelex Xobeh
Okawaru
Ru
Sif Muna
Trog
Vehumet
Wu Jian
Xom
Yredelemnul
Zin
The Shining One

Annotations:
D:4 3 runed translucent doors, Daunt's ghost, amateur VSFi


Innate Abilities, Weirdness & Mutations

You are immune to sickness and miasma.
Your stone body is resilient. (AC +5)
You are immune to poison.
You resist negative energy. (rN+)
You are resistant to electric shocks. (rElec)
You are resistant to unholy torment.
You are immune to petrification.
You have a somewhat thin skeletal structure. (Dex +2, Stealth+)
Your body sometimes deteriorates upon taking damage.
You occasionally lose the ability to read scrolls when taking damage.


Message History

The two-headed ogre hits you with a +0 giant spiked club!
You hit the two-headed ogre.
The two-headed ogre is heavily wounded.
The two-headed ogre hits you with a +0 giant spiked club!!
The two-headed ogre hits you with a +0 giant spiked club!
* * * LOW HITPOINT WARNING * * *
You hit the two-headed ogre.
The two-headed ogre is heavily wounded.
The two-headed ogre hits you with a +0 giant spiked club.
* * * LOW HITPOINT WARNING * * *
You block the two-headed ogre's attack.
It was a potion of mutation.
You feel extremely strange.
You occasionally lose the ability to read scrolls when taking damage.
You feel yourself wasting away.
Your bones become slightly less dense.
There are monsters nearby!
There are monsters nearby!
You sock the two-headed ogre!
The two-headed ogre is severely wounded.
The two-headed ogre closely misses you. You block the two-headed ogre's attack.
You hit the two-headed ogre.
The two-headed ogre is severely wounded.
The two-headed ogre hits you with a +0 giant spiked club!
* * * LOW HITPOINT WARNING * * *
The two-headed ogre hits you with a +0 giant spiked club.
The Shining One protects you from harm!
You hit the two-headed ogre but do no damage.
The two-headed ogre is severely wounded.
You hit the two-headed ogre.
The two-headed ogre is severely wounded.
The two-headed ogre closely misses you.
The two-headed ogre hits you with a +0 giant spiked club.
* * * LOW HITPOINT WARNING * * *
You barely miss the two-headed ogre.
The two-headed ogre is severely wounded.
The two-headed ogre hits you but does no damage.
The two-headed ogre barely misses you.
You barely miss the two-headed ogre.
The two-headed ogre is severely wounded.
The two-headed ogre hits you with a +0 giant spiked club!
You die...

#.###.....#.........
#.# #####......#....
#.########.#........
#................###
#..####.#.......(..
#..# # ##...#######
#..# #.....
#..####.#.....#
#(..@Os......
###.##....... #†#
....##. #.# ###.#
#.# # #.# #.# #.#
#.#


You could see a two-headed ogre and a scorpion.

Vanquished Creatures
  Sigmund (D:4)
  An ogre (D:4)
  3 scorpions
  2 bombardier beetles
  3 orc priests
  3 hounds (D:5)
  Jessica (D:2)
  2 sleepcaps
  3 iguanas
  An orc wizard (D:5)
  8 adders
  7 gnolls
  A shadow imp (D:4)
  A ribbon worm (D:1)
  3 dart slugs
  19 orcs
  5 ball pythons
  10 bats
  7 endoplasms
  3 giant cockroaches
  3 hobgoblins
  6 jackals
  4 quokkas
  2 frilled lizards (D:1)
  3 goblins
  6 kobolds
  7 rats
115 creatures vanquished.

Notes
Turn   | Place    | Note
-------+----------+-------------------------------------------
     0 | D:1      | Rassilon the Gargoyle Fighter began the quest for the Orb.
     0 | D:1      | Reached XP level 1. HP: 14/14 MP: 1/1
   218 | D:1      | Reached XP level 2. HP: 11/19 MP: 2/2
   761 | D:1      | Reached XP level 3. HP: 21/23 MP: 3/3
  1098 | D:2      | Reached skill level 3 in Maces & Flails
  1099 | D:2      | Reached XP level 4. HP: 29/29 MP: 4/4
  1118 | D:2      | Found a sparkling altar of Nemelex Xobeh.
  1252 | D:2      | Noticed Jessica
  1261 | D:2      | Killed Jessica
  1267 | D:2      | Got Jessica's Elucidation of Geometry
  1421 | D:3      | Found a shimmering altar of Xom.
  1470 | D:3      | Found a bloodstained altar of Trog.
  1641 | D:3      | Reached XP level 5. HP: 33/33 MP: 5/5
  1758 | D:3      | Found an iron altar of Okawaru.
  2153 | D:4      | Reached skill level 4 in Maces & Flails
  2315 | D:4      | Noticed Sigmund
  2331 | D:4      | Killed Sigmund
  2332 | D:4      | Reached XP level 6. HP: 18/39 MP: 6/6
  2387 | D:4      | Noticed Daunt's ghost (amateur VSFi)
  2410 | D:4      | Found a runed translucent gate.
  2410 | D:4      | Found a runed translucent gate.
  2412 | D:4      | Found a runed translucent gate.
  2451 | D:4      | Reached XP level 7. HP: 44/44 MP: 7/7
  2551 | D:4      | Reached skill level 5 in Maces & Flails
  2971 | D:5      | Entered Level 5 of the Dungeon
  2987 | D:5      | Reached skill level 5 in Shields
  2995 | D:5      | Reached skill level 5 in Armour
  3001 | D:5      | Reached skill level 5 in Fighting
  3123 | D:5      | Found a staircase to the Ecumenical Temple.
  3132 | Temple   | Entered the Ecumenical Temple
  3326 | D:5      | Reached skill level 6 in Maces & Flails
  3326 | D:5      | Reached XP level 8. HP: 48/50 MP: 8/8
  3601 | D:5      | Found a radiant altar of Vehumet.
  3604 | D:5      | Found a hazy altar of Hepliaklqana.
  3607 | D:5      | Found a glowing golden altar of the Shining One.
  3611 | D:5      | Became a worshipper of the Shining One
  3813 | D:6      | Found a basalt altar of Yredelemnul.
  3921 | D:6      | Noticed a two-headed ogre
  3934 | D:6      | Gained mutation: You occasionally lose the ability to read
                  | scrolls when taking damage. [potion of mutation]
  3934 | D:6      | Gained mutation: Your body sometimes deteriorates upon
                  | taking damage. [potion of mutation]
  3934 | D:6      | Gained mutation: You have a somewhat thin skeletal
                  | structure. (Dex +2, Stealth+) [potion of mutation]
  3936 | D:6      | HP: 2/51 [two-headed ogre/+0 giant spiked club (8)]
  3936 | D:6      | The Shining One protects you from harm!
  3940 | D:6      | Mangled by a two-headed ogre

Illustrated notes

Levels and vault maps discovered:
D:1:      dpeg_arrival_brainrot, layout_basic, minmay_liquid_box,
          minmay_splitting_lines, kennysheep_small_spiral, minmay_misc_feat_rows
D:2:      layout_rooms, basic_altar, kennysheep_jessica_study
D:3:      layout_basic, xom_teletrap_fun, mainiacjoe_overflow_chevrons,
          mainiacjoe_overflow_six_doors_small
D:4:      layout_basic, gammafunk_ghost_icy, nrook_uturn,
          kennysheep_small_circle, uniq_sigmund
D:5:      layout_loops_cross, grunt_temple_overflow_diamond,
          minmay_temple_entry_arrows, kennysheep_crisscross
D:6:      layout_loops_ring, grunt_dithmenos_smoke_and_mirrors,
          yredelemnul_altar_generic, kennysheep_generic_room_6
Temple:   nicolae_temple_superstar

Skill      XL: |  1  2  3  4  5  6  7 |
---------------+----------------------+-----
Maces & Flails | 3 4 6 |  6.6
Armour         | 4 5 |  5.8
Fighting       | 4 5 |  5.8
Shields        | 4 5 |  5.0

Action                     |  1- 3 |  4- 6 |  7- 9 || total
---------------------------+-------+-------+-------++-------
  Melee: Flail             |    93 |   174 |   181 ||   448
  Throw: Dart              |     4 |     4 |     1 ||     9
    Use: Potion            |       |     3 |     3 ||     6
         Scroll            |       |       |     9 ||     9
 Armour: Scale mail        |    80 |    80 |       ||   160
         Chain mail        |       |       |    93 ||    93
  Dodge: Dodged            |    45 |   104 |   100 ||   249
  Block: Buckler           |    23 |    32 |    33 ||    88
